 Dungeon Crawl Stone Soup version 0.28.0-47-ge53b351184 (webtiles) character file.

Game seed: 4267683939413223669

33 warriortoast the Conjurer (level 3, -1/20 HPs)
             Began as a Deep Elf Conjurer on May 9, 2022.
             Killed from afar by Robin (6 damage)
             ... with a puff of flame
             ... on level 2 of the Dungeon on May 10, 2022.
             The game lasted 00:06:46 (1229 turns).

warriortoast the Conjurer (Deep Elf Conjurer)       Turns: 1229, Time: 00:06:47

Health: -1/20      AC:  2    Str:  4    XL:     3   Next: 12%
Magic:  1/10       EV: 16    Int: 24    God:
Gold:   114        SH:  0    Dex: 13    Spells: 3/9 levels left

rFire   . . .      SeeInvis .   (no weapon)
rCold   . . .      Faith    .   (no shield)
rNeg    . . .      Spirit   .   a - +0 robe
rPois   .          Reflect  .   (no helmet)
rElec   .          Harm     .   (no cloak)
rCorr   .          Rampage  .   (no gloves)
Will    .....                   (no boots)
Stlth   ++........              (no amulet)
HPRegen 0.06/turn               e - +4 ring of evasion
MPRegen 0.12/turn               (no ring)

@: no status effects
A: no striking features
a: no special abilities


You were on level 2 of the Dungeon.
You visited 1 branch of the dungeon, and saw 2 of its levels.

You collected 114 gold pieces.

Inventory:

Armour
 a - a +0 robe (worn)
Jewellery
 e - a +4 ring of evasion (left hand)
Scrolls
 c - a scroll of enchant armour {unknown}
 g - a scroll of enchant weapon {unknown}
 h - 2 scrolls of identify {unknown}
Potions
 b - a potion of resistance {unknown}
 d - a potion of lignification {unknown}
 f - a potion of degeneration {unknown}


   Skills:
 + Level 1.1 Fighting
 - Level 2.4 Dodging
 - Level 2.4 Stealth
 + Level 3.7 Spellcasting
 + Level 4.8 Conjurations
 + Level 0.0 Hexes


You had 3 spell levels left.
You knew the following spells:

 Your Spells              Type           Power      Damage    Failure   Level
a - Magic Dart            Conj           100%       1d8       1%          1
b - Searing Ray           Conj           54%        2d6       1%          2
c - Dazzling Flash        Conj/Hex       32%        N/A       11%         3

Your spell library contained the following spells:

 Spells                   Type           Power      Damage    Failure   Level
 Pain                     Necr           16%        1d4       10%         1
 Fulminant Prism          Conj/Hex       8%         3d7       36%         4
 Iskenderun's Mystic Bla  Conj/Tloc      16%        2d5       36%         4
 Agony                    Necr           4%         N/A       95%         5
 Excruciating Wounds      Necr           2%         N/A       95%         5


Dungeon Overview and Level Annotations

Branches:
Dungeon (2/15)

Altars:

Annotations:
D:2 Robin


Message History

The goblin goes into a battle-frenzy!
The goblin misses you.
You miscast Magic Dart.
You are very lightly contaminated with residual magic.
Nothing appears to happen.
Robin says, "A pitiful Elf like you will never find the ORB!"
The goblin hits you with a +0 dagger.
The magic dart hits the goblin.
You kill the goblin!
Casting: Magic Dart (safe; 1% risk of failure)
Confirm with . or Enter, or press ? or * to list all spells.
Aiming: Searing Ray (safe; 1% risk of failure)
Press: ? - help, Shift-Dir - straight line, f - Robin
Aim: Robin, wielding a +0 short sword, wearing a +0 animal skin, wearing a +0 helmet and carrying a wand of flame (15) (85% to hit)
The searing ray hits Robin.
Robin is heavily wounded. (Press . to maintain the ray.)
The searing ray misses Robin.
The searing ray hits Robin but does no damage.
Robin is heavily wounded.
Robin hits you but does no damage.
The searing ray hits Robin.
Robin is heavily wounded.
You finish channelling your searing ray.
Robin hits you with a +0 short sword.
Casting: Searing Ray (safe; 1% risk of failure)
Confirm with . or Enter, or press ? or * to list all spells.
Aiming: Magic Dart (safe; 1% risk of failure)
Press: ? - help, Shift-Dir - straight line, f/p - Robin
Aim: Robin, wielding a +0 short sword, wearing a +0 animal skin, wearing a +0 helmet and carrying a wand of flame (15) (heavily wounded, 100% to hit)
The magic dart hits Robin.
Robin is almost dead.
Robin hits you with a +0 short sword.
Your magical contamination has completely faded away.
Robin zaps a wand.
The puff of flame hits you!
* * * LOW HITPOINT WARNING * * *
Robin roars a battlecry!
You hear a shout!
Robin zaps a wand.
The puff of flame hits you.
You die...

################.#
#............#.#
#.##########.#.#
#.#..........#g#
#.#.#........#.#
#.#.#.######.#.#
#.#.#......#.#.#
#.#.#<.....#.#.#
#.#.########.#@#
#.#..........#.#
#.############.#
#..............#
##############.#
###


You could see Robin.

Vanquished Creatures
  A dart slug (D:1)
  4 ball pythons
  An endoplasm (D:1)
  4 goblins
  7 hobgoblins (D:1)
  5 kobolds (D:1)
  2 quokkas
  A bat (D:2)
  3 rats (D:1)
28 creatures vanquished.

Notes
Turn   | Place    | Note
-------+----------+-------------------------------------------
     0 | D:1      | warriortoast the Deep Elf Conjurer began the quest for the
                  | Orb.
     0 | D:1      | Reached XP level 1. HP: 10/10 MP: 6/6
    98 | D:1      | Found a faded altar of an unknown god.
   314 | D:1      | Reached XP level 2. HP: 16/16 MP: 6/8
   555 | D:1      | Reached skill level 1 in Fighting
   558 | D:1      | Learned a level 2 spell: Searing Ray
   810 | D:1      | Reached XP level 3. HP: 20/20 MP: 7/10
  1042 | D:2      | Learned a level 3 spell: Dazzling Flash
  1159 | D:2      | Noticed Robin
  1229 | D:2      | Killed from afar by Robin

Illustrated notes

Levels and vault maps discovered:
D:1:      sevenhm_arrival_forest_fort_small_5, layout_basic,
          ebering_ecumenical_altar_mist, minmay_3d_cube
D:2:      layout_basic, uniq_crazy_yiuf_cottage, uniq_robin

Skill      XL: |  1  2 |
---------------+-------+-----
Fighting       | 1 |  1.1
Dodging        | |  2.4
Stealth        | |  2.4
Spellcasting   | |  3.7
Conjurations   | |  4.8

Action                   || total
-------------------------++-------
 Cast: Magic Dart        ||    53
       Searing Ray       ||     2
Armor: Robe              ||     1
Dodge: Dodged            ||     4
